 Dungeon Crawl Stone Soup version 0.25-a0-251-g572059c536 (webtiles) character file.

Game seed: 13078678976301025070, levelgen mode: deterministic

28 floatRand the Cutter (level 3, -2/23 HPs)
             Began as a Kobold Monk on Dec 4, 2019.
             Slain by Natasha (6 damage)
             ... on level 2 of the Dungeon.
             The game lasted 00:00:50 (931 turns).

floatRand the Cutter (Kobold Monk)                   Turns: 931, Time: 00:00:50

Health: -2/23      AC:  2    Str:  9    XL:     3   Next: 27%
Magic:  3/3        EV: 16    Int: 11    God:
Gold:   87         SH:  0    Dex: 17    Spells: 2/2 levels left

rFire    . . .     SeeInvis .   a - +0 short sword
rCold    . . .     Gourm    .   (shield restricted)
rNeg     . . .     Faith    .   b - +0 robe
rPois    .         Spirit   .   (no helmet)
rElec    .         Reflect  .   (no cloak)
rCorr    .         Harm     .   (no gloves)
MR       .....                  (no boots)
Stlth    +++.......             (no amulet)
HPRegen  0.07/turn              (no ring)
MPRegen  0.08/turn              (no ring)

@: no status effects
A: small, carnivore
a: no special abilities


You were on level 2 of the Dungeon.
You were full.

You visited 1 branch of the dungeon, and saw 2 of its levels.

You collected 87 gold pieces.

Inventory:

Hand Weapons
 a - a +0 short sword (weapon)
Armour
 b - a +0 robe (worn)
Scrolls
 g - a scroll of remove curse {unknown}
 h - 2 scrolls of identify {unknown}
 i - a scroll of immolation {unknown}
 k - a scroll of amnesia {unknown}
 l - 2 scrolls of fog {unknown}
Potions
 d - 2 potions of cancellation {unknown}
 e - a potion of mutation {unknown}
 f - a potion of invisibility {unknown}
 j - a potion of curing {unknown}
Comestibles
 c - a ration


   Skills:
 - Level 3.2 Fighting
 + Level 4.5 Short Blades
 - Level 3.6 Dodging
 * Level 4.4 Stealth


You had 2 spell levels left.
You didn't know any spells.
Your spell library was empty.

Dungeon Overview and Level Annotations

Branches:
Dungeon (2/15)

Altars:

Annotations:
D:2 Natasha


Innate Abilities, Weirdness & Mutations

You are small and have problems with some larger weapons.
You are carnivorous and can eat meat at any time.


Message History

Natasha is lightly wounded.
The giant cockroach closely misses you. Natasha completely misses you.
You closely miss Natasha.
Natasha is lightly wounded.
The giant cockroach bites you. Natasha completely misses you.
You closely miss Natasha.
Natasha is lightly wounded.
The giant cockroach barely misses you.
Natasha stares at you and mumbles some strange words.
The magic dart hits you!
You closely miss Natasha.
Natasha is lightly wounded.
The giant cockroach misses you. Natasha claws you!
* * * LOW HITPOINT WARNING * * *
Unknown command.
You are too injured to fight recklessly!
You hit Natasha but do no damage.
Natasha is lightly wounded.
The giant cockroach misses you. Natasha claws you.
You die...

#....#
##.....###.#####.#
#.##.##
##...##.....###.#
#.##..#
#+##..#+#..##.#
#.###.## #.##.##
##.##.# #.# #..#
#....# #....# ###
##># #####..###
###..# ###
#.....## ##.#
###...# #.# ##.@#
#.# #...sh.# ..#
#####.... .##
...#.# #.##..# #.#
... #.# ### #.#


You could see Natasha and a giant cockroach.

Vanquished Creatures
  3 leopard geckos
  2 giant cockroaches (D:1)
  4 goblins (D:1)
  5 hobgoblins (D:1)
  3 bats
  2 frilled lizards (D:1)
  3 kobolds (D:1)
22 creatures vanquished.

Notes
Turn   | Place    | Note
-------+----------+-------------------------------------------
     0 | D:1      | floatRand the Kobold Monk began the quest for the Orb.
     0 | D:1      | Reached XP level 1. HP: 14/14 MP: 1/1
     2 | D:1      | Noticed a gargoyle
     4 | D:1      | Noticed an elf
     6 | D:1      | Noticed a halfling
     6 | D:1      | Noticed a naga
     8 | D:1      | Noticed a formicid
     8 | D:1      | Noticed an ogre
    10 | D:1      | Noticed a tengu
    10 | D:1      | Noticed a draconian
    12 | D:1      | Noticed a felid
    12 | D:1      | Noticed a vine stalker
    14 | D:1      | Noticed a centaur
    14 | D:1      | Noticed a demonspawn
    16 | D:1      | Noticed a merfolk
    16 | D:1      | Noticed an octopode
    18 | D:1      | Noticed a demigod
    18 | D:1      | Noticed a minotaur
    20 | D:1      | Noticed a spriggan
    22 | D:1      | Noticed a dwarf
    24 | D:1      | Noticed a troll
    24 | D:1      | Noticed a vampire
    26 | D:1      | Noticed a human
    26 | D:1      | Noticed a ghoul
   310 | D:1      | Reached XP level 2. HP: 19/19 MP: 2/2
   607 | D:1      | Reached XP level 3. HP: 18/23 MP: 3/3
   921 | D:2      | Noticed Natasha
   931 | D:2      | Slain by Natasha

Levels and vault maps discovered:
D:1:      kb_arrival_jail, layout_basic, wander_ebering_terrifying_dragon_lair
D:2:      cheibrodos_greedy_goblins, layout_loops_corners, minitemple,
          st_stairs_2, serial_bayou_ford_a, uniq_robin, uniq_natasha

Skill      XL: |  1  2 |
---------------+-------+-----
Stealth        | 3 4 |  4.4
Fighting       | |  3.2
Short Blades   | |  4.5
Dodging        | |  3.6

Action                   || total
-------------------------++-------
Melee: Short sword       ||    76
 Stab: Sleeping          ||    10
  Eat: Chunk             ||     5
Armor: Robe              ||     5
Dodge: Dodged            ||    53

Table legend:
 A = Non-vault XP
 B = Vault XP
 C = Vault XP percentage of total XP
 D = Non-vault monster count
 E = Vault monster count
 F = Vault count percentage of total count
                 A         B        C        D         E       F
            +---------+---------+-------+---------+---------+-------
      Total |      39 |       1 |   2.5 |      21 |       1 |   4.5
            +---------+---------+-------+---------+---------+-------
        D:1 |      35 |       1 |   2.8 |      19 |       1 |   5.0
        D:2 |       4 |       0 |   0.0 |       2 |       0 |   0.0
            +---------+---------+-------+---------+---------+-------
